 Dungeon Crawl Stone Soup version 0.31-a0-542-gdc2a67831c (webtiles) character file.

Game seed: 7836444124093019318

84 Ethylacetat the Ducker (level 4, 0/31 HPs)
             Began as an Octopode Gladiator on Aug 14, 2023.
             Slain by a jackal (2 damage)
             ... while paralysed by Ijyb
             ... on level 3 of the Dungeon.
             The game lasted 00:01:53 (2624 turns).

Ethylacetat the Ducker (Octopode Gladiator)         Turns: 2624, Time: 00:01:54

Health: 0/31       AC:  1    Str: 13    XL:     4   Next: 46%
Magic:  4/4        EV:  2    Int: 10    God:
Gold:   173        SH:  0    Dex: 15    Spells: 3/3 levels left

rFire   . . .        a - +0 rapier
rCold   . . .        (no shield)
rNeg    . . .        b - +0 hat
rPois   .            (no amulet)
rElec   .            (no ring)
rCorr   .            (no ring)
SInv    .            (no ring)
Will    .....        (no ring)
Stlth   +++          (no ring)
HPRegen 0.25/turn    (no ring)
MPRegen 0.09/turn    (no ring)
                     (no ring)

%: no passive effects
@: paralysed
A: almost no armour, amphibious, 8 rings, camouflage 1, gelatinous body 1,
(nimble swimmer 1), tentacles
a: no special abilities


You were on level 3 of the Dungeon.
You visited 1 branch of the dungeon, and saw 3 of its levels.

You collected 173 gold pieces.

Inventory:

Hand Weapons
 a - a +0 rapier (weapon)
Missiles
 c - 3 throwing nets (quivered)
 d - a javelin
Armour
 b - a +0 hat (worn)
Jewellery
 n - a ring of protection from fire
Scrolls
 e - a scroll of fear {unknown}
 f - a scroll of butterflies {unknown}
 g - a scroll of acquirement {unknown}
 h - a scroll of immolation {unknown}
 i - a scroll of blinking {unknown}
 j - 2 scrolls of identify {unknown}
 o - a scroll of enchant weapon {unknown}
 q - a scroll of silence {unknown}
 s - a scroll of enchant armour {unknown}
Potions
 k - 2 potions of lignification {unknown}
 l - a potion of brilliance {unknown}
 m - 2 potions of heal wounds {unknown}
 p - a potion of might {unknown}
 r - a potion of magic {unknown}
 t - a potion of berserk rage {unknown}


   Skills:
 + Level 3.1 Fighting
 - Level 3.0 Short Blades
 - Level 2.0 Throwing
 + Level 3.8 Dodging
 + Level 3.1 Stealth


You had 3 spell levels left.
You didn't know any spells.
Your spell library was empty.

Dungeon Overview and Level Annotations

Branches:
Dungeon (3/15)

Altars:
Trog
Wu Jian

Shops:
D:1 [

Annotations:
D:3 Ijyb


Innate Abilities, Weirdness & Mutations

You cannot wear most types of armour.
You are amphibious.
You can wear up to eight rings at the same time.
Your skin changes colour to match your surroundings (Stealth+).
Your rubbery body absorbs attacks. (AC +1, EV +1)
((You are camouflaged when in or above water. (Stealth+)))
You have tentacles for arms and can constrict up to eight enemies at once.


Message History

There are monsters nearby!
The goblin closely misses you.
There are monsters nearby!
You hit the goblin but do no damage. Your grab misses the goblin.
There are monsters nearby!
You hit the goblin.
You kill the goblin!
There are monsters nearby!
You closely miss Ijyb. Your grab misses Ijyb. Ijyb closely misses you.
The goblin closely misses you.
The jackal bites you but does no damage.
There are monsters nearby!
You completely miss Ijyb. You grab Ijyb. You constrict Ijyb, but do no damage.
The jackal barely misses you. Ijyb closely misses you. The goblin misses you.
You barely miss Ijyb. You squeeze Ijyb, but do no damage.
You constrict Ijyb, but do no damage. The jackal barely misses you.
Ijyb hits you with a +0 club. The goblin hits you with a +0 club.
The jackal barely misses you.
You hit Ijyb.
Ijyb is moderately wounded.
You constrict Ijyb. The jackal bites you. Ijyb hits you with a +0 club.
The goblin barely misses you.
You hit Ijyb.
Ijyb is heavily wounded.
You constrict Ijyb, but do no damage. The jackal bites you.
Ijyb hits you with a +0 club. The goblin misses you. The jackal bites you.
You are too injured to fight recklessly!
You are too injured to fight recklessly!
You are too injured to fight recklessly!
You barely miss Ijyb. You squeeze Ijyb, but do no damage.
Ijyb is heavily wounded.
You constrict Ijyb. The jackal barely misses you.
Ijyb zaps a wand.
You suddenly lose the ability to move!
You lose your grip on Ijyb.
The goblin hits you with a +0 club.
* * * LOW HITPOINT WARNING * * *
The jackal bites you but does no damage.
Ijyb hits you with a +0 club!
* * * LOW HITPOINT WARNING * * *
The goblin completely misses you. The jackal bites you.
You die...

..#≈≈..#####...#
..#≈≈..#...#####
..≈≈≈.)'...'..##+##
##≈≈≈..#...#..#...#
#≈≈#########..#...#
#≈≈#..........#...#
...'........))#...#
...'..........#ggh#
...'..........#.@)#
#≈≈#..........#...#
#≈≈#########..##''#
##≈≈≈..#...#......#
#≈≈≈.)'...'......#
##≈≈..#...#......#
#################


You could see Ijyb, a jackal and a goblin.

Vanquished Creatures
  3 adders
  2 worms
  2 dart slugs
  An orc (D:3)
  A bat (D:3)
  7 endoplasms
  2 giant cockroaches (D:2)
  9 goblins
  3 hobgoblins
  2 jackals (D:3)
  5 kobolds
  3 ball pythons
  A frilled lizard (D:3)
  4 rats
45 creatures vanquished.

Notes
Turn   | Place    | Note
-------+----------+-------------------------------------------
     0 | D:1      | Ethylacetat the Octopode Gladiator began the quest for the
                  | Orb.
     0 | D:1      | Reached XP level 1. HP: 14/14 MP: 1/1
   203 | D:1      | Reached skill level 1 in Stealth
   210 | D:1      | Found a faded altar of an unknown god.
   245 | D:1      | Reached XP level 2. HP: 19/19 MP: 2/2
   437 | D:1      | Found Giufuor's Antique Armour Emporium.
  1313 | D:2      | Reached XP level 3. HP: 22/25 MP: 3/3
  2015 | D:3      | Found a bloodstained altar of Trog.
  2070 | D:3      | Reached XP level 4. HP: 30/30 MP: 4/4
  2163 | D:3      | Found an ornate altar of the Wu Jian Council.
  2613 | D:3      | Noticed Ijyb
  2623 | D:3      | Paralysed by Ijyb for 3 turns
  2624 | D:3      | Slain by a jackal

Illustrated notes

Levels and vault maps discovered:
D:1:      dreamdust_arrival_beginning_and_end, layout_basic, serial_shops,
          nicolae_shop_tiny_real_fake_doors, ebering_ecumenical_altar_hall
D:2:      layout_loops_corners
D:3:      kennysheep_goblin_castle, layout_basic, lemuel_crystal_altar,
          nzn_wu_jian_contemplation

Skill      XL: |  1  2  3  4 |
---------------+-------------+-----
Stealth        | 1 2 3 |  3.1
Fighting       | 3 |  3.1
Short Blades   | |  3.0
Throwing       | |  2.0
Dodging        | |  3.8

Action                     |  1- 3 |  4- 6 || total
---------------------------+-------+-------++-------
  Melee: Rapier            |    55 |    27 ||    82
         Constrict         |    13 |     6 ||    19
         Tentacles         |     8 |     5 ||    13
         Punch             |     1 |       ||     1
   Stab: Sleeping          |    11 |     3 ||    14
         Distracted        |     1 |       ||     1
 Armour: Skin              |       |     2 ||     2
  Dodge: Dodged            |    19 |    23 ||    42

Table legend: (Time is in decaauts)
 A = Elapsed time spent in this place.
 B = Non-inter-level travel time spent in this place.
 C = Inter-level travel time spent in this place.
 D = Time resting spent in this place.
 E = Time spent auto-exploring this place.
 F = Levels seen in this place.
 G = Mean time per level.
                   A        B        C        D        E       F      G
               +--------+--------+--------+--------+--------+-----+--------+
         Total |   2627 |   2616 |     11 |      0 |   2279 |   3 |  875.7 |
       Dungeon |   2627 |   2616 |     11 |      0 |   2279 |   3 |  875.7 |
               +--------+--------+--------+--------+--------+-----+--------+

Top non-repeatable levels by time:
     D:1: 992 daAuts
     D:3: 860 daAuts
     D:2: 774 daAuts
